 Dungeon Crawl Stone Soup version 0.29.1-15-g9cfb28693d (webtiles) character file.

Game seed: 15340737350813669506

2382 cdecastro the Cleaver (level 9, -12/85 HPs)
             Began as a Hill Orc Fighter on Feb 24, 2023.
             Was a Follower of Dithmenos.
             Mangled by Pikel
             ... wielding a +0 whip of electrocution
              (20 damage)
             ... on level 7 of the Dungeon.
             The game lasted 00:12:32 (9034 turns).

cdecastro the Cleaver (Hill Orc Fighter)            Turns: 9034, Time: 00:12:33

Health: -12/85     AC: 14    Str: 23    XL:     9   Next: 45%
Magic:  9/9        EV:  6    Int:  8    God:    Dithmenos [*.....]
Gold:   392        SH:  0    Dex: 10    Spells: 8/8 levels left

rFire   . . .      SeeInvis .   a - +0 war axe
rCold   . . .      Faith    .   (no shield)
rNeg    + . .      Spirit   .   L - +0 plate armour
rPois   .          Reflect  .   j - +2 hat
rElec   .          Harm     .   (no cloak)
rCorr   +          Rampage  .   (no gloves)
Will    .....                   v - +0 pair of boots
Stlth   ..........              (no amulet)
HPRegen 0.24/turn               F - ring of positive energy
MPRegen 0.11/turn               G - ring of resist corrosion

@: wreathed by umbra
A: no striking features
a: Renounce Religion


You were on level 7 of the Dungeon.
You worshipped Dithmenos.
Dithmenos was aware of your devotion.
You visited 2 branches of the dungeon, and saw 9 of its levels.

You collected 485 gold pieces.
You spent 93 gold pieces at shops.

Inventory:

Hand Weapons
 a - a +0 war axe (weapon)
 x - a +2 flail of protection
 J - a +1 vorpal flail
Missiles
 i - 5 poisoned darts (quivered)
Armour
 b - a +0 scale mail
 c - a +0 buckler
 j - a +2 hat (worn)
 v - a +0 pair of boots (worn)
 y - a +0 chain mail
 L - a +0 plate armour (worn)
Jewellery
 g - an amulet of faith
 F - a ring of positive energy (left hand)
 G - a ring of resist corrosion (right hand)
 H - a ring of ice
Wands
 A - a wand of mindburst (7)
 I - a wand of iceblast (24)
Scrolls
 e - 3 scrolls of enchant weapon {unknown}
 f - 4 scrolls of enchant armour {unknown}
 h - 5 scrolls of fear {unknown}
 n - 4 scrolls of immolation {unknown}
 o - 3 scrolls of magic mapping {unknown}
 p - a scroll of torment {unknown}
 r - a scroll of vulnerability {unknown}
 s - 8 scrolls of identify {unknown}
 t - a scroll of acquirement {unknown}
 u - 2 scrolls of noise {unknown}
 B - 2 scrolls of blinking {unknown}
 C - 3 scrolls of teleportation {unknown}
 D - a scroll of brand weapon {unknown}
Potions
 d - 2 potions of might
 k - a potion of invisibility {unknown}
 l - 2 potions of flight {unknown}
 m - a potion of berserk rage {unknown}
 q - a potion of degeneration {unknown}
 w - 2 potions of brilliance {unknown}
 z - a potion of curing
 E - a potion of haste {unknown}
 K - a potion of magic {unknown}


   Skills:
 - Level 10.0 Fighting
 + Level 12.8 Axes
 - Level 3.2 Armour
 - Level 3.2 Shields


You had 8 spell levels left.
You didn't know any spells.
Your spell library contained the following spells:

 Spells                   Type           Power      Damage    Failure   Level
 Ensorcelled Hibernation  Hex/Ice        0%         N/A       100%        2
 Spider Form              Tmut/Pois      0%         N/A       100%        3
 Stone Arrow              Conj/Erth      0%         3d7       100%        3
 Anguish                  Hex/Necr       0%         N/A       100%        4
 Animate Armour           Summ/Erth      0%         N/A       100%        4
 Lehudib's Crystal Spear  Conj/Erth      0%         10d2      100%        8


Dungeon Overview and Level Annotations

Branches:
Dungeon (8/15)             Temple (1/1) D:5            Lair (0/5) D:8

Altars:
Ashenzari
Cheibriados
Dithmenos
Elyvilon
Fedhas
Hepliaklqana
Kikubaaqudgha
Makhleb
Nemelex Xobeh
Okawaru
Qazlal
Ru
Sif Muna
Trog
Uskayaw
Vehumet
Xom
Yredelemnul
The Shining One

Shops:
D:3 *   D:5 (   D:7 *

Annotations:
D:6 2 transporters, Sanktem7's ghost, novice MiFi
D:7 relec, rf, Pikel


Message History

Pikel hits you with a +0 whip of electrocution.
You are electrocuted!!
The lemure hits you but does no damage. A mysterious force pulls you upwards.
The hatch slams shut behind you.
Level annotation: relec, rf Unknown command.
You closely miss Pikel. You slash the lemure!
Pikel hits you with a +0 whip of electrocution!
You are electrocuted!
* * * LOW HITPOINT WARNING * * *
The lemure hits you but does no damage.
Unknown command.
You hit Pikel.
Pikel is lightly wounded.
You hit the lemure. Pikel hits you but does no damage. The lemure hits you.
* * * LOW HITPOINT WARNING * * *
Unknown command.
You hit Pikel.
Pikel is moderately wounded.
You closely miss the lemure. The lemure hits you.
* * * LOW HITPOINT WARNING * * *
Pikel hits you with a +0 whip of electrocution.
* * * LOW HITPOINT WARNING * * *
You are electrocuted!!
* * * LOW HITPOINT WARNING * * *
You hit Pikel but do no damage.
Pikel is moderately wounded.
You slash the lemure!
Unknown command.
You slash Pikel!
Pikel is heavily wounded.
You slash the lemure!
You kill the lemure!
That felt strangely unrewarding.
Pikel hits you but does no damage.
Unknown command.
You hit Pikel.
Pikel is heavily wounded.
Pikel hits you with a +0 whip of electrocution.
* * * LOW HITPOINT WARNING * * *
You are electrocuted!!
You die...

.#####.........# #.#####. .#
###..#+#..# #....... .# #..'_'..#
#....... .# #..#+#..# #######. .#
#......## #. .# ##.....# #. .#
#.######################. .#
#.######K................ .#
#.#.....@...<.########### .#
#......#..###.# # .#
######.#.#..#..# #.# #
.###......#.#..#..# #.# #
.##...###.#.#.##..# #.###########
.#.#.#.##.....##..###............
........##.................######
.#.#.#..#.........###.####.#
.##...#...............# #.#


You could see Pikel.

Vanquished Creatures
  A steam dragon (D:7)
  3 water moccasins
  7 black bears
  An ogre (D:7)
  A lemure (D:7)
  A phantom (D:4)
  A bullfrog (D:6)
  3 scorpions (D:5)
  A necrophage (D:4)
  A howler monkey (D:7)
  5 jellies
  A gnoll bouda (D:7)
  4 hounds
  Terence (D:3)
  Ijyb (D:3)
  3 iguanas
  Robin (D:3)
  12 adders
  15 gnolls
  A shadow imp (D:7)
  3 white imps
  3 ufetubi
  A worm (D:3)
  3 orcs
  2 ball pythons
  6 bats
  4 endoplasms
  3 giant cockroaches
  20 goblins
  7 hobgoblins
  4 jackals (D:1)
  5 quokkas
  4 frilled lizards
  6 kobolds
  4 rats
139 creatures vanquished.

Vanquished Creatures (others)
  4 fungi (D:1)
  6 plants
10 creatures vanquished.

Grand Total: 149 creatures vanquished

Notes
Turn   | Place    | Note
-------+----------+-------------------------------------------
     0 | D:1      | cdecastro the Hill Orc Fighter began the quest for the Orb.
     0 | D:1      | Reached XP level 1. HP: 19/19 MP: 1/1
    51 | D:1      | Reached skill level 3 in Axes
   131 | D:1      | Reached XP level 2. HP: 26/26 MP: 2/2
   491 | D:1      | Reached skill level 4 in Axes
   904 | D:1      | Found a faded altar of an unknown god.
  1070 | D:2      | Found a blossoming altar of Fedhas.
  1079 | D:2      | Reached XP level 3. HP: 31/31 MP: 3/3
  1501 | D:2      | Reached skill level 5 in Axes
  2128 | D:3      | Reached XP level 4. HP: 39/39 MP: 4/4
  2141 | D:3      | Noticed Robin
  2149 | D:3      | Killed Robin
  2155 | D:3      | Reached skill level 6 in Axes
  2167 | D:3      | Found a shadowy altar of Dithmenos.
  2246 | D:3      | Noticed Terence
  2271 | D:3      | Killed Terence
  2528 | D:3      | Noticed Ijyb
  2540 | D:3      | Killed Ijyb
  2541 | D:3      | Reached XP level 5. HP: 27/45 MP: 5/5
  2703 | D:3      | Reached skill level 7 in Axes
  2857 | D:3      | Found Vicsegg's Assorted Antiques.
  2893 | D:3      | Bought a scroll labelled ZOOSUICZONT for 31 gold pieces
  2893 | D:3      | Bought a scroll labelled MUXAIKE XUUSYESM for 31 gold
                  | pieces
  2893 | D:3      | Bought a scroll labelled AFUETR DIUC for 31 gold pieces
  3165 | D:3      | Reached skill level 8 in Axes
  3165 | D:3      | Reached XP level 6. HP: 46/51 MP: 6/6
  3282 | D:3      | Found a shimmering blue altar of Sif Muna.
  3446 | D:3      | Became a worshipper of Dithmenos the Shadowed
  3577 | D:4      | Reached skill level 9 in Axes
  3783 | D:4      | Noticed a black bear
  3886 | D:5      | Entered Level 5 of the Dungeon
  3889 | D:5      | Reached XP level 7. HP: 57/57 MP: 7/7
  4154 | D:4      | Reached skill level 10 in Axes
  4635 | D:4      | Reached skill level 5 in Fighting
  5348 | D:5      | Reached XP level 8. HP: 73/73 MP: 8/8
  5408 | D:5      | Found a staircase to the Ecumenical Temple.
  5432 | Temple   | Entered the Ecumenical Temple
  5997 | D:5      | Reached * piety under Dithmenos
  6130 | D:5      | Found Zeoclun's Weapon Boutique.
  6501 | D:6      | Noticed Sanktem7's ghost (novice MiFi)
  6588 | D:6      | Reached skill level 10 in Fighting
  6634 | D:6      | Found a shimmering altar of Xom.
  6734 | D:6      | Reached XP level 9. HP: 68/85 MP: 9/9
  6913 | D:6      | Found a transporter.
  6918 | D:6      | Reached skill level 11 in Axes
  7135 | D:6      | Found a transporter.
  7588 | D:7      | Reached skill level 12 in Axes
  8231 | D:7      | Found Xaclog's Overcharged Wands.
  8254 | D:7      | Identified the +0 helmet of Ashenzari's Reproof {rF- Str+4
                  | Slay+2}
  8492 | D:7      | Found a broken altar of Ashenzari.
  8945 | D:8      | Found a staircase to the Lair.
  9009 | D:8      | Noticed Pikel
  9034 | D:7      | Mangled by Pikel

Illustrated notes

Levels and vault maps discovered:
D:1:      matt_arrival_spirals, layout_basic,
          dreamdust_ecumenical_altar_hidden_monk_grotto, nicolae_hexahallways
D:2:      layout_basic, basic_altar
D:3:      layout_loops_ring, nicolae_dithmenos_through_a_glass_darkly,
          nicolae_sif_muna_little_library, serial_shops,
          nicolae_shop_overgrown_old_shop, uniq_ijyb, uniq_robin, uniq_terence
D:4:      layout_basic
D:5:      layout_gridville, minmay_temple_entry_butterflies, serial_shops, shop
D:6:      layout_loops_cross, amcnicky_altar_gilded, gammafunk_ghost_stat_death
D:7:      layout_loops_ring, kennysheep_mini_moat, nicolae_lava_and_water,
          nicolae_shop_overcharged_wands
D:8:      layout_gridville, zin_purify, mainiacjoe_overflow_boulevard,
          fedhas_altar_1, dpeg_oklobed_lair, uniq_pikel
Temple:   eino_narrow_crystal_temple

Skill      XL: |  1  2  3  4  5  6  7  8  9 |
---------------+----------------------------+-----
Axes           | 3 4 5 6 8 9 10 12 | 12.8
Fighting       | 7 10 | 10.0
Armour         | |  3.2
Shields        | |  3.2

Action                   |  1- 3 |  4- 6 |  7- 9 || total
-------------------------+-------+-------+-------++-------
Melee: War axe           |   129 |   126 |   275 ||   530
       Punch             |     1 |     1 |     5 ||     7
Armor: Scale mail        |    86 |    14 |       ||   100
       Chain mail        |       |    59 |   164 ||   223
       Plate armour      |       |       |     4 ||     4
Dodge: Dodged            |    81 |    54 |   124 ||   259
